 Dungeon Crawl Stone Soup version 0.22-a0-858-g985ef60 (webtiles) character file.

5686 galech the Fighter (level 10, -6/165 HPs)
             Began as an Ogre Berserker on July 27, 2018.
             Was a High Priest of Trog.
             Mangled by a 12-headed hydra (11 damage)
             ... on level 9 of the Dungeon.
             The game lasted 00:11:46 (8388 turns).

galech the Fighter (Ogre Berserker)                 Turns: 8388, Time: 00:11:48

Health: -6/165     AC: 11    Str: 31    XL:     10   Next: 75%
Magic:  19/19      EV: 15    Int:  8    God:    Trog [*****.]
Gold:   317        SH:  0    Dex: 20    Spells: 9/9 levels left

rFire    . . .     SeeInvis .   q - +8 falchion of Trog's Favour {protect, rElec}
rCold    . . .     Gourm    .   (no shield)
rNeg     . . .     Faith    +   u - +1 robe {MR+}
rPois    +         Spirit   .   (helmet restricted)
rElec    +         Reflect  .   (no cloak)
rCorr    .         Harm     .   (gloves unavailable)
MR       ++++.                  (boots unavailable)
Stlth    ..........             s - amulet of faith
HPRegen  1.37/turn              D - ring of the Mutiny {*Contam rPois MP+9 Dex+9 Stlth+}
MPRegen  0.16/turn              x - +3 ring of dexterity

@: berserking, protection aura, regenerating, very quick
A: large, unfitting armour, tough skin 1
a: Berserk, Trog's Hand, Brothers in Arms, Renounce Religion


You were on level 9 of the Dungeon.
You worshipped Trog.
Trog was extremely pleased with you.
You were very hungry.

You visited 1 branch of the dungeon, and saw 9 of its levels.

You collected 317 gold pieces.

Inventory:

Hand Weapons
 a - a +0 mace
 q - the +8 falchion of Trog's Favour (weapon) {protect, rElec}
   (You found it on level 4 of the Dungeon)

   It protects the one who uses it against injury (+AC on strike).
   It insulates you from electricity.
 v - a +1 whip of flaming
Armour
 u - a +1 robe of magic resistance (worn)
Jewellery
 h - an uncursed ring of resist corrosion
 r - an uncursed ring of protection from magic
 s - an amulet of faith (around neck)
 x - a +3 ring of dexterity (right hand)
 y - an uncursed ring of protection from magic
 D - the ring of the Mutiny (left hand) {*Contam rPois MP+9 Dex+9 Stlth+}
   (You found it on level 8 of the Dungeon)

   [ring of magical power]

   It affects your dexterity (+9).
   It protects you from poison.
   It affects your magic capacity (+9).
   It causes magical contamination when unequipped.
   It makes you more stealthy.
Wands
 A - a wand of enslavement (17)
 C - a wand of acid (13)
 E - a wand of iceblast (4)
Scrolls
 d - 2 scrolls of fog {unknown}
 e - 4 scrolls of enchant armour {unknown}
 g - 9 scrolls of identify {unknown}
 i - 4 scrolls of teleportation {unknown}
 j - 10 scrolls of remove curse {unknown}
 m - 3 scrolls of amnesia {unknown}
 n - 4 scrolls of noise {unknown}
 p - 4 scrolls of enchant weapon {unknown}
Potions
 b - 3 potions of degeneration {unknown}
 f - a potion of lignification {unknown}
 k - 2 potions of curing {unknown}
 l - 3 potions of mutation {unknown}
 o - 2 potions of heal wounds {unknown}
 t - a potion of flight {unknown}
 w - a potion of magic {unknown}
 z - 2 potions of brilliance {unknown}
 B - 2 potions of agility
Comestibles
 c - 13 rations
 F - 9 chunks of flesh


   Skills:
 + Level 10.1 Fighting
 + Level 9.6 Long Blades
 + Level 4.9 Maces & Flails
 + Level 6.7 Dodging
 + Level 3.4 Stealth


You had 9 spell levels left.
You didn't know any spells.
Your spell library was empty.

Dungeon Overview and Level Annotations

Branches:
Dungeon (9/15)             Temple (0/1) D:5
   Lair: D:8-11         Orc: D:9-12

Altars:
Dithmenos
Gozag

Shops:
D:8 [


Innate Abilities, Weirdness & Mutations

You are too large for most types of armour.
You have tough skin. (AC +1)


Message History

* * * LOW HITPOINT WARNING * * *
The ten-headed hydra bites you but does no damage.
You hack one of the ten-headed hydra's heads off!
The nine-headed hydra grows two more!
You slice the 11-headed hydra!!
The 11-headed hydra is severely wounded.
Unknown command.
You slice one of the 11-headed hydra's heads off!
The ten-headed hydra grows two more!
You slash the 12-headed hydra!
The 12-headed hydra is severely wounded.
The 12-headed hydra bites you.
* * * LOW HITPOINT WARNING * * *
The 12-headed hydra closely misses you.
The 12-headed hydra completely misses you.
The 12-headed hydra bites you but does no damage.
The 12-headed hydra bites you!
* * * LOW HITPOINT WARNING * * *
The 12-headed hydra bites you!
* * * LOW HITPOINT WARNING * * *
The 12-headed hydra bites you!
You die...

#.#....#รท...#
+.#..(.#...(#.
#.######....#.#
...........#..###
...........#....#
...#######.#....##
.. #.#.....#
#.##..D.# #.##..@.#
#.####..#
#.#####.######
#..............
#####...........##+
................#
................#
.................#
.................#


You could see a 12-headed hydra.

Vanquished Creatures
  A two-headed ogre (D:8)
  Joseph (D:8)
  Prince Ribbit (D:8)
  Grinder (D:6)
  A hornet (D:7)
  5 yaks (D:8)
  Eustachio (D:6)
  Edmund (D:6)
  The ghost of nikopol the Magician, an amateur DEFE (D:4)
  4 sky beasts
  An ice beast (D:5)
  2 black bears (D:7)
  2 phantoms
  2 ogres
  4 centaurs
  4 bullfrogs
  2 scorpions
  3 killer bees (D:8)
  3 wights (D:8)
  A centaur zombie (D:6)
  6 crimson imps
  3 hounds
  A jelly (D:6)
  A gnoll shaman (D:4)
  3 orc priests
  A centaur skeleton (D:8)
  Jessica (D:3)
  3 iguanas
  5 worker ants
  6 orc wizards
  2 hound skeletons
  2 worker ant zombies (D:6)
  9 gnolls
  4 adders
  An adder skeleton (D:7)
  4 worms
  2 dart slugs (D:1)
  8 leopard geckos
  24 orcs
  A ball python (D:6)
  2 giant cockroaches (D:1)
  8 goblins
  3 hobgoblins
  7 jackals (D:1)
  9 kobolds
  7 quokkas
  5 bats
  4 frilled lizards
  A jackal zombie (D:7)
  7 rats
181 creatures vanquished.

Notes
Turn   | Place    | Note
-------+----------+-------------------------------------------
     0 | D:1      | galech the Ogre Berserker began the quest for the Orb.
     0 | D:1      | Reached XP level 1. HP: 24/24 MP: 1/1
   123 | D:1      | Reached XP level 2. HP: 21/32 MP: 2/2
   356 | D:1      | Reached XP level 3. HP: 29/40 MP: 3/3
   768 | D:1      | Reached ** piety under Trog
  1421 | D:2      | Reached XP level 4. HP: 41/49 MP: 4/4
  2300 | D:3      | Noticed Jessica
  2305 | D:3      | Killed Jessica
  2305 | D:3      | Reached skill level 5 in Fighting
  2305 | D:3      | Reached XP level 5. HP: 56/57 MP: 5/5
  2583 | D:3      | Found a shadowy altar of Dithmenos.
  2995 | D:4      | Found a runed door.
  2995 | D:4      | Noticed nikopol's ghost (amateur DEFE)
  3006 | D:4      | Killed nikopol's ghost
  3006 | D:4      | Reached XP level 6. HP: 67/67 MP: 6/6
  3103 | D:4      | Got an ancient falchion
  3104 | D:4      | Identified the +8 falchion of Trog's Favour {protect, rElec} (You found it on level 4 of the Dungeon)
  3350 | D:4      | Reached skill level 6 in Fighting
  3569 | D:4      | Reached skill level 1 in Stealth
  3569 | D:4      | Reached XP level 7. HP: 66/75 MP: 7/7
  3608 | D:5      | Entered Level 5 of the Dungeon
  3872 | D:5      | Reached skill level 1 in Long Blades
  4019 | D:5      | Reached *** piety under Trog
  4254 | D:5      | Found a staircase to the Ecumenical Temple.
  4339 | D:5      | Reached XP level 8. HP: 84/84 MP: 8/8
  4422 | D:5      | Reached skill level 5 in Dodging
  4849 | D:6      | Reached skill level 7 in Fighting
  4871 | D:6      | Noticed Eustachio
  4886 | D:6      | Killed Eustachio
  4886 | D:6      | Reached skill level 5 in Long Blades
  4989 | D:6      | Noticed Edmund
  4992 | D:6      | Noticed Grinder
  5011 | D:6      | Killed Edmund
  5017 | D:6      | Killed Grinder
  5017 | D:6      | Reached XP level 9. HP: 93/93 MP: 9/9
  5511 | D:6      | Reached **** piety under Trog
  6146 | D:7      | Reached skill level 8 in Fighting
  6631 | D:7      | Noticed a hornet
  6637 | D:7      | Killed a hornet
  6846 | D:8      | Noticed Prince Ribbit
  6850 | D:8      | Noticed Joseph
  6867 | D:8      | Killed Joseph
  6867 | D:8      | Reached XP level 10. HP: 59/106 MP: 10/10
  7149 | D:8      | Found Lajoli's Armour Emporium.
  7163 | D:8      | Reached skill level 9 in Fighting
  7325 | D:8      | Got a heavily runed lead ring
  7327 | D:8      | Identified the ring of the Mutiny {*Contam rPois MP+9 Dex+9 Stlth+} (You found it on level 8 of the Dungeon)
  7342 | D:8      | Noticed a two-headed ogre
  7352 | D:8      | Killed a two-headed ogre
  7561 | D:8      | Killed Prince Ribbit
  7578 | D:8      | Reached ***** piety under Trog
  7607 | D:8      | Found an opulent altar of Gozag.
  8127 | D:8      | Reached skill level 10 in Fighting
  8377 | D:9      | Noticed a seven-headed hydra
  8388 | D:9      | HP: 5/165 [12-headed hydra (14)]
  8388 | D:9      | Mangled by a 12-headed hydra

Vault maps used:
D:1:      ncdulo_watergridlock
D:3:      minmay_statues_item, minmay_misc_feat_tiny,
          nicolae_dithmenos_through_a_glass_darkly, uniq_jessica
D:4:      gammafunk_ghost_grave
D:5:      minmay_temple_entry_glassed_door, first_ration, minivault_11
D:6:      serial_bayou_pond_c, uniq_edmund, uniq_eustachio, uniq_grinder
D:8:      lemuel_doored_altar, serial_shops, shop, uniq_joseph,
          uniq_prince_ribbit1
D:9:      minmay_opposing_rooms, minitemple

Skill      XL: |  1  2  3  4  5  6  7  8  9 10 |
---------------+-------------------------------+-----
Maces & Flails | 3 4 |  4.9
Dodging        | 3 4 5 6 |  6.7
Fighting       | 5 6 7 8 10 | 10.1
Stealth        | 1 2 3 |  3.4
Long Blades    | 3 6 8 9 |  9.6

Action                   |  1- 3 |  4- 6 |  7- 9 | 10-12 || total
-------------------------+-------+-------+-------+-------++-------
Melee: Mace              |   130 |   124 |       |       ||   254
       Falchion          |       |    19 |   275 |   126 ||   420
Invok: Berserk           |       |     4 |     5 |     3 ||    12
       Trog's Hand       |       |     2 |     1 |     1 ||     4
 Stab: Sleeping          |     1 |       |     3 |     2 ||     6
  Eat: Chunk             |     2 |     7 |    10 |     3 ||    22
       Ration            |       |     1 |     2 |     1 ||     4
Armor: Animal skin       |    47 |    27 |     6 |       ||    80
       Robe              |       |       |    95 |    40 ||   135
Dodge: Dodged            |    99 |    89 |   164 |    79 ||   431
       Rpst.: Falchion   |       |     3 |    49 |    16 ||    68

Table legend:
 A = Spawn XP
 B = Non-spawn XP
 C = Spawn XP percentage of total XP
 D = Spawn monster count
 E = Non-spawn monster count
 F = Spawn count percentage of total count
 G = Total turns spent on level
                    A         B        C        D         E        F      G
               +---------+---------+-------+---------+---------+-------+---------
         Total |       0 |    8124 |   0.0 |       0 |     181 |   0.0 |  8388
               +---------+---------+-------+---------+---------+-------+---------
           D:1 |       0 |      59 |   0.0 |       0 |      30 |   0.0 |   833
           D:2 |       0 |      26 |   0.0 |       0 |      11 |   0.0 |   872
           D:3 |       0 |     135 |   0.0 |       0 |      25 |   0.0 |  1124
           D:4 |       0 |     410 |   0.0 |       0 |      11 |   0.0 |   779
           D:5 |       0 |    1033 |   0.0 |       0 |      22 |   0.0 |  1221
           D:6 |       0 |    1461 |   0.0 |       0 |      28 |   0.0 |  1189
           D:7 |       0 |    1143 |   0.0 |       0 |      21 |   0.0 |   726
           D:8 |       0 |    3694 |   0.0 |       0 |      29 |   0.0 |  1465
           D:9 |       0 |     163 |   0.0 |       0 |       4 |   0.0 |   179
               +---------+---------+-------+---------+---------+-------+---------
